 Dungeon Crawl Stone Soup version 0.32-a0-975-g85d4e5bfdb (webtiles) character file.

Game seed: 18004602961613972417

637410 Ijustatesigmund the Cutthroat (level 27, 0/219 HPs)
             Began as a Gnoll Conjurer on Apr 16, 2024.
             Was the Champion of Vehumet.
             Killed from afar by a purple draconian shifter (23 damage)
             ... with a bolt of dispelling energy
             ... led by a white draconian stormcaller
             ... on level 1 of the Realm of Zot on Apr 19, 2024.
             The game lasted 04:24:23 (85883 turns).

Ijustatesigmund the Cutthroat (Gnoll Conjurer)     Turns: 85883, Time: 04:24:24

Health: 0/219      AC: 30    Str: 12    XL:     27
Magic:  36/41      EV: 15    Int: 39    God:    Vehumet [******]
Gold:   5595       SH: 12    Dex: 15    Spells: 5/64 levels left

rFire   + . .        p - +12 broad axe of Caynwaog {elec, rPois Dex+3}
rCold   x . .        N - +3 buckler {reflect}
rNeg    + + .        s - +3 fire dragon scales
rPois   +            I - +2 hat {Int+3}
rElec   .            X - +1 cloak of the Unbroken {rPois rF- rN++ Int+3}
rCorr   +            L - +2 pair of gloves {Str+3}
SInv    +            U - +2 pair of boots {Fly}
Will    +++..        T - amulet "Oliesag" {Regen+ RegenMP+ rCorr Str+2}
Stlth   +++++        t - ring of the Mage {Wiz Archmagi}
HPRegen 1.36/turn    Q - ring "Usanop" {Wiz Str+3 SInv}
MPRegen 0.67/turn

%: reflection, wizardry (x2), archmagi
@: flying, very slightly contaminated, studying 5 skills
A: fangs 1, strong nose, distributed training, clever 1, low MP 1, strong-willed
1, weak 1
}: 4/15 runes: barnacled, slimy, silver, gossamer
a: Renounce Religion


You were on level 1 of the Realm of Zot.
You worshipped Vehumet.
Vehumet was exalted by your worship.
You visited 12 branches of the dungeon, and saw 52 of its levels.
You visited the Abyss 1 time.
You also visited: Bailey, Gauntlet, Ice Cave and Volcano.

You collected 7754 gold pieces.
You spent 2159 gold pieces at shops.

Inventory:

Hand Weapons
 p - the +12 broad axe of Caynwaog (weapon) {elec, rPois Dex+3}
   (You took it off an orc knight on level 10 of the Dungeon)

   Dex+3:     It affects your dexterity (+3).
   rPois:     It protects you from poison.
Armour
 s - +3 fire dragon scales (worn)
 I - a +2 hat of intelligence (worn)
 L - a +2 pair of gloves of strength (worn)
 N - a +3 buckler of reflection (worn)
 U - a +2 pair of boots of flying (worn)
 V - quicksilver dragon scales
 X - the +1 cloak of the Unbroken (worn) {rPois rF- rN++ Int+3}
   (You found it in a Gauntlet)

   Int+3:     It affects your intelligence (+3).
   rF-:       It makes you vulnerable to fire.
   rPois:     It protects you from poison.
   rN++:      It greatly protects you from negative energy.
Jewellery
 a - the ring "Jyteid" {rN++ Dex+6 SInv}
   (You found it on level 3 of the Crypt)

   [ring of dexterity]

   Dex+6:     It affects your dexterity (+6).
   rN++:      It greatly protects you from negative energy.
   SInv:      It lets you see invisible.
 c - the ring "Udeodu Bapai" {Fire rN++ Dex+3}
   (You found it on level 3 of the Crypt)

   [ring of fire]

   Fire:      It enhances your fire magic.
   Dex+3:     It affects your dexterity (+3).
   rF+:       It protects you from fire.
   rC-:       It makes you vulnerable to cold.
   rN++:      It greatly protects you from negative energy.
 t - the ring of the Mage (left hand) {Wiz Archmagi}
   (You found it on level 5 of the Pits of Slime)

   [ring of wizardry]

   Wiz:       It improves your spell success rate.
   Archmagi:  It increases the power of your magical spells.
 y - the amulet of Sunlight {Acrobat rF+ Dex+2}
   (You found it on level 10 of the Dungeon)

   [amulet of the acrobat]

   Acrobat:   It increases your evasion while moving and waiting.
   Dex+2:     It affects your dexterity (+2).
   rF+:       It protects you from fire.
 D - a +5 ring of evasion
 F - a +4 ring of protection
 G - the ring "Xiegem" {rElec Will+ Int+4}
   (You bought it in a shop on level 3 of the Shoals)

   [ring of willpower]

   Int+4:     It affects your intelligence (+4).
   rElec:     It insulates you from electricity.
   Will+:     It increases your willpower.
 J - a ring of fire
 Q - the ring "Usanop" (right hand) {Wiz Str+3 SInv}
   (You found it on level 12 of the Dungeon)

   [ring of wizardry]

   Wiz:       It improves your spell success rate.
   Str+3:     It affects your strength (+3).
   SInv:      It lets you see invisible.
 T - the amulet "Oliesag" (around neck) {Regen+ RegenMP+ rCorr Str+2}
   (You took it off a deep elf sorcerer on level 3 of the Elven Halls)

   [amulet of magic regeneration]

   It increases your rate of magic regeneration.
   Str+2:     It affects your strength (+2).
   Regen+:    It increases your rate of health regeneration.
   rCorr:     It protects you from acid and corrosion.
   RegenMP+:  It increases your rate of magic regeneration.
Wands
 j - a wand of mindburst (75)
 k - a wand of roots (71)
 x - a wand of digging (21)
 M - a wand of flame (111)
 P - a wand of quicksilver (32)
Scrolls
 e - 2 scrolls of butterflies
 h - 4 scrolls of poison
 n - 13 scrolls of amnesia
 v - 3 scrolls of blinking
 w - 3 scrolls of silence
 z - 14 scrolls of enchant weapon
 B - 8 scrolls of fog
 E - 3 scrolls of immolation
 O - 3 scrolls of brand weapon
 R - 6 scrolls of torment
 S - 18 scrolls of teleportation
 W - 10 scrolls of vulnerability
 Y - 5 scrolls of fear
 Z - 2 scrolls of revelation
Potions
 b - 7 potions of magic
 d - 11 potions of lignification
 g - 6 potions of resistance
 i - 8 potions of ambrosia
 l - 6 potions of might
 m - 8 potions of heal wounds
 o - 6 potions of brilliance
 q - 5 potions of berserk rage
 r - 3 potions of invisibility
 u - 9 potions of curing
 A - 5 potions of attraction
 C - 9 potions of haste
 H - 4 potions of enlightenment
 K - 4 potions of cancellation
Miscellaneous
 f - a phantom mirror


   Skills:
 + Level 18.6 Fighting
 + Level 22.2 Short Blades
 + Level 18.6 Long Blades
 + Level 18.6 Axes
 + Level 18.6 Maces & Flails
 + Level 19.6 Polearms
 + Level 22.2 Staves
 + Level 18.6 Ranged Weapons
 + Level 20.3 Throwing
 + Level 18.6 Armour
 + Level 19.1 Dodging
 + Level 19.0 Stealth
 + Level 18.6 Shields
 + Level 21.6 Unarmed Combat
 + Level 19.2 Spellcasting
 + Level 17.2 Conjurations
 + Level 15.8 Hexes
 + Level 15.8 Summonings
 + Level 15.8 Necromancy
 + Level 15.8 Translocations
 + Level 15.8 Fire Magic
 + Level 15.8 Ice Magic
 + Level 15.8 Air Magic
 + Level 15.8 Earth Magic
 + Level 15.8 Alchemy
 + Level 20.1 Invocations
 + Level 18.6 Evocations
 + Level 17.2 Shapeshifting


You had 5 spell levels left.
You knew the following spells:

 Your Spells              Type           Power      Damage    Failure   Level
a - Magic Dart            Conj           100%       1d8       0%          1
b - Searing Ray           Conj           100%       2d8       0%          2
c - Iskenderun's Mystic   Conj/Tloc      100%       2d19      (+2d10%     4
d - Stone Arrow           Conj/Erth      100%       3d13      0%          3
e - Frozen Ramparts       Ice            100%       1d16      0%          3
f - Blink                 Tloc           100%       N/A       0%          2
g - Olgreb's Toxic Radia  Alch           100%       N/A       1%          4
h - Irradiate             Conj/Alch      64%        3d33      1%          5
i - Starburst             Conj/Fire      64%        6d17      1%          6
j - Dispel Undead         Necr           100%       3d31      1%          4
k - Ignite Poison         Fire/Alch      100%       N/A       1%          4
l - Passwall              Erth           100%       N/A       0%          3
m - Fire Storm            Conj/Fire      64%        8d16      21%         9
n - Polar Vortex          Ice            63%        12d8*     26%         9

Your spell library contained the following spells:

 Spells                   Type           Power      Damage    Failure   Level
 Fulsome Fusillade        Conj/Alch      64%        (3-5)d18  1%          8
 Foxfire                  Conj/Fire      100%       2x1d9     0%          1
 Freeze                   Ice            100%       1d10      0%          1
 Kiss of Death            Conj/Necr      100%       2d13      0%          1
 Necrotise                Necr           100%       1d9       0%          1
 Sandblast                Erth           100%       2d20      0%          1
 Shock                    Conj/Air       100%       1d9       0%          1
 Slow                     Hex            100%       N/A       0%          1
 Sting                    Conj/Alch      100%       1d9       0%          1
 Call Imp                 Summ           100%       N/A       0%          2
 Ensorcelled Hibernation  Hex/Ice        100%       N/A       0%          2
 Jinxbite                 Hex            100%       N/A       0%          2
 Lesser Beckoning         Tloc           100%       N/A       0%          2
 Mercury Vapours          Alch/Air       100%       N/A       0%          2
 Momentum Strike          Conj/Tloc      100%       3d10      0%          2
 Static Discharge         Conj/Air       100%       3-8/arc   0%          2
 Sublimation of Blood     Necr           100%       N/A       0%          2
 Call Canine Familiar     Summ           100%       N/A       0%          3
 Confusing Touch          Hex            100%       N/A       0%          3
 Dazzling Flash           Conj/Hex       100%       N/A       0%          3
 Fugue of the Fallen      Necr           100%       N/A       0%          3
 Inner Flame              Hex/Fire       100%       N/A       0%          3
 Maxwell's Portable Pile  Tloc           100%       2d(15-43) 0%          3
 Mephitic Cloud           Conj/Alch/Air  100%       N/A       0%          3
 Ozocubu's Armour         Ice            100%       N/A       0%          3
 Sigil of Binding         Hex            100%       N/A       0%          3
 Summon Ice Beast         Ice/Summ       100%       N/A       0%          3
 Swiftness                Air            100%       N/A       0%          3
 Teleport Other           Tloc           100%       N/A       0%          3
 Tukima's Dance           Hex            100%       N/A       0%          3
 Vampiric Draining        Necr           100%       2d13      0%          3
 Volatile Blastmotes      Fire/Tloc      100%       2d18      0%          3
 Brom's Barrelling Bould  Conj/Erth      100%       2d11      0%          4
 Fulminant Prism          Conj/Alch      64%        3d26      0%          4
 Airstrike                Air            63%        2d(10-26) 1%          4
 Anguish                  Hex/Necr       63%        N/A       1%          4
 Cause Fear               Hex            63%        N/A       1%          4
 Dimensional Bullseye     Hex/Tloc       63%        N/A       1%          4
 Leda's Liquefaction      Alch/Erth      63%        N/A       1%          4
 Martyr's Knell           Necr/Summ      100%       N/A       1%          4
 Passage of Golubria      Tloc           100%       N/A       1%          4
 Petrify                  Alch/Erth      100%       N/A       1%          4
 Sticky Flame             Fire/Alch      100%       2d15      1%          4
 Summon Blazeheart Golem  Fire/Summ      100%       N/A       1%          4
 Vhi's Electric Charge    Tloc/Air       100%       N/A       1%          4
 Alistair's Intoxication  Alch           84%        N/A       1%          5
 Borgnjor's Vile Clutch   Necr/Erth      63%        N/A       1%          5
 Curse of Agony           Necr           100%       N/A       1%          5
 Fireball                 Conj/Fire      64%        3d24      1%          5
 Freezing Cloud           Conj/Ice/Air   64%        6-21      1%          5
 Iskenderun's Battlesphe  Conj           100%       2d15      1%          5
 Metabolic Englaciation   Hex/Ice        63%        N/A       1%          5
 Silence                  Hex/Air        63%        N/A       1%          5
 Summon Forest            Summ/Tloc      63%        N/A       1%          5
 Summon Mana Viper        Hex/Summ       100%       N/A       1%          5
 Yara's Violent Unravell  Hex/Alch       63%        3d24      1%          5
 Bombard                  Conj/Erth      64%        9d11      1%          6
 Conjure Ball Lightning   Conj/Air       64%        3x3d23    1%          6
 Death Channel            Necr           63%        N/A       1%          6
 Dispersal                Tloc           63%        N/A       1%          6
 Eringya's Noxious Bog    Alch           63%        4d6       1%          6
 Permafrost Eruption      Ice/Erth       63%        2x4d14    1%          6
 Plasma Beam              Fire/Air       63%        2x1d79    1%          6
 Sculpt Simulacrum        Ice/Alch       63%        N/A       1%          6
 Summon Cactus Giant      Summ           63%        N/A       1%          6
 Enfeeble                 Hex            63%        N/A       1%          7
 Haunt                    Necr/Summ      63%        N/A       1%          7
 Malign Gateway           Summ/Tloc      63%        N/A       1%          7
 Manifold Assault         Tloc           63%        N/A       1%          7
 Monstrous Menagerie      Summ           63%        N/A       1%          7
 Orb of Destruction       Conj           65%        9d15      1%          7
 Ozocubu's Refrigeration  Ice            63%        4d21      1%          7
 Seismic Cannonade        Alch/Erth      63%        6d19      1%          7
 Spellforged Servitor     Conj/Summ      64%        N/A       1%          7
 Summon Hydra             Summ           63%        N/A       1%          7
 Ignition                 Fire           63%        3d17      2%          8
 Borgnjor's Revivificati  Necr           63%        N/A       7%          8
 Discord                  Hex            63%        N/A       7%          8
 Disjunction              Tloc           63%        N/A       7%          8
 Summon Horrible Things   Summ           63%        N/A       7%          8
 Chain Lightning          Conj/Air       64%        3d86      21%         9
 Death's Door             Necr           63%        N/A       67%         9


Dungeon Overview and Level Annotations

Branches:
Dungeon (15/15)            Temple (1/1) D:4            Lair (5/5) D:11
 Shoals (4/4) Lair:3       Spider (4/4) Lair:3        Slime (5/5) Lair:5
    Orc (2/2) D:11            Elf (3/3) Orc:2        Vaults (5/5) D:14
  Crypt (3/3) Vaults:3       Tomb (0/3) Crypt:3      Depths (4/4) D:15
    Zot (1/5) Depths:4     Bailey (visited)           IceCv (visited)
Volcano (visited)         Gauntlet (visited)

Altars:
Ashenzari
Cheibriados
Dithmenos
Elyvilon
Fedhas
Gozag
Hepliaklqana
Kikubaaqudgha
Makhleb
Nemelex Xobeh
Okawaru
Qazlal
Ru
Sif Muna
Trog
Uskayaw
Vehumet
Wu Jian
Xom
Yredelemnul
Zin
The Shining One
Beogh
Jiyva

Shops:
Orc:2 =(*[   Shoals:3 *   Vaults:1 :   Vaults:4 [   Vaults:5 *   Depths:1 [
Depths:2 *   Depths:3 *

Portals:
Hell: Depths:1 Depths:2 Depths:3 Depths:4
Abyss: Depths:2 Depths:3
Pandemonium: Depths:2
Ziggurat: Depths:3
Trove: Depths:4 (show abyssal rune of Zot)

Annotations:
Elf:1 exclusion: ice statue
Elf:3 6 transporters
Vaults:3 3 runed translucent doors, Jannitor's ghost, adept FoCK


Innate Abilities, Weirdness & Mutations

You have very sharp teeth.
Your uncanny sense of smell can sniff out nearby items.
Your experience applies equally to all skills.
Your mind is acute. (Int +4, Str/Dex -1)
Your magical capacity is low. (-10% MP)
You are strong-willed. (Will+)
You are weak. (Str -2)


Message History

Vehumet accepts your kill.
You feel your power returning.
Casting: Iskenderun's Mystic Blast (safe; 0% risk of failure)
Confirm with . or Enter, or press ? or * to list all spells.
Aiming: Stone Arrow (safe; 0% risk of failure)
Press: ? - help, Shift-Dir - straight line, f - golden dragon
Aim: a golden dragon (severely wounded, misshapen and mutated, 87% to hit)
You feel a surge of power!
The stone arrow misses the golden dragon.
The purple draconian shifter breathes dispelling energy at you.
The bolt of dispelling energy hits you!!
* * * LOW HITPOINT WARNING * * *
A moth of wrath comes into view.
Casting: Stone Arrow (safe; 0% risk of failure)
Confirm with . or Enter, or press ? or * to list all spells.
Aiming: Stone Arrow (safe; 0% risk of failure)
Press: ? - help, Shift-Dir - straight line, f/p - golden dragon
Aim: a golden dragon (severely wounded, misshapen and mutated, 87% to hit)
You feel a surge of power!
The stone arrow hits the golden dragon!!
The golden dragon is almost dead.
The golden dragon breathes cold at you. The bolt of cold hits you!!!
You feel a terrible chill!
* * * LOW HITPOINT WARNING * * *
Blink to where?
Press: ? - help, Dir - move target, p - golden dragon
As you read the scroll of blinking, it crumbles to dust.
Okay, then.
You feel much better.
Aiming: Quicksilver Bolt
Press: ? - help, Shift-Dir - straight line, f - golden dragon
Aim: a golden dragon (almost dead, misshapen and mutated, 87% to hit)
The bolt of dispelling energy hits the golden dragon!!
You kill the golden dragon!
Vehumet accepts your kill.
You feel your power returning.
The gold dragon scales are intact enough to wear.
The purple draconian shifter breathes dispelling energy at you.
The bolt of dispelling energy hits you!!
You die...

. ..
###########...
#.............
#.............
#.@........
##.........
##........
#........ ∆
#........
###..[.....
#.#.)...... ##
#..q...### #.
#.......########
#.


You could see a purple draconian shifter (catching breath).

Vanquished Creatures
  the Royal Jelly (Slime:5)
  Dissolution (Slime:2)
  A dread lich (Crypt:3)
  2 ancient liches (Depths:1)
  A juggernaut (Depths:4)
  The ghost of Hauff the Metallomancer, a veteran GrEE of Ashenzari (Depths:4)
  A caustic shrike (Depths:1)
  2 bone dragons (Crypt:3)
  The ghost of Misic the Fetichist, an adept GnAE of Vehumet (Depths:4)
  4 golden dragons
  Norris (Depths:1)
  Jorgrun (Spider:1)
  2 tentacled monstrosities (Vaults:5)
  5 liches
  4 titans
  A walking earthen tome (Depths:1)
  A walking frostbound tome (Depths:3)
  Asterion (Elf:2)
  12 acid blobs
  4 deep elf blademasters
  2 quicksilver dragons (Vaults:5)
  3 deep elf master archers (Elf:3)
  6 sphinxes
  7 krakens
  A tentacled starspawn (Abyss:2)
  6 ancient champions
  Agnes (Elf:1)
  Gastronok (Lair:2)
  3 storm dragons
  The ghost of grizmgrazm2 the Blocker, a journeyman TrFi of Wu Jian (Spider:1)
  6 shadow dragons
  5 tengu reavers
  3 revenants
  A draconian shifter (Zot:1)
  9 azure jellies
  Ilsuiw (Shoals:4)
  A draconian knight (Depths:4)
  17 vault wardens
  7 fire giants
  2 draconian scorchers
  9 emperor scorpions
  9 rockslimes
  A curse skull (Crypt:2)
  The ghost of Adeche Beuh the Destroyer, a journeyman DrCj of Qazlal (Spider:4)
  10 frost giants
  The ghost of Hisysic the Cleaver, an adept GrFi of Okawaru (Shoals:2)
  3 spectral caustic shrikes (Depths:1)
  5 orc warlords
  5 deep elf sorcerers
  2 ghouls (Crypt:2)
  8 ghost moths
  4 deep elf elementalists (Elf:3)
  17 ironbound preservers
  A draconian stormcaller (Zot:1)
  2 spriggan defenders (Depths:3)
  24 very ugly things
  The ghost of Lech the Eclecticist, an adept DECj of Sif Muna (Depths:4)
  3 formless jellyfish
  A juggernaut skeleton (Crypt:3)
  A broodmother (Spider:3)
  12 quicksilver oozes
  3 reapers
  2 caustic shrike skeletons (Crypt:3)
  8 ironbound thunderhulks
  12 stone giants
  4 deep elf demonologists
  8 vampire knights
  2 elemental wellsprings (Shoals:1)
  8 deep elf death magi
  A green draconian (Depths:4)
  10 deep elf annihilators
  3 purple draconians
  4 spark wasps
  6 dire elephants
  A war gargoyle (Vaults:5)
  9 eidola
  A white draconian (Depths:4)
  A minotaur (Gauntlet)
  A red draconian (Zot:1)
  7 ettins
  7 merfolk javelineers
  A mummy priest (Crypt:1)
  5 fire dragons
  7 jiangshi
  6 merfolk impalers
  A spriggan zombie (Crypt:2)
  The ghost of Pascal76 the Cleaver, a journeyman MiFi of Okawaru (D:12)
  21 yaktaur captains
  7 entropy weavers
  8 deep elf high priests
  8 ice dragons
  7 great orbs of eyes
  A quicksilver dragon skeleton (Crypt:3)
  11 hydras
  26 vault guards
  3 ogre magi
  2 death knights
  17 centaur warriors
  7 spriggan air magi
  2 alligator snapping turtles
  7 merfolk aquamancers
  5 ironbound frosthearts
  2 radroaches (Spider:4)
  3 jorogumos
  3 merfolk avatars
  6 boulder beetles
  10 two-headed ogres
  4 catoblepae
  18 dancing weapons
  3 deep troll shamans
  A bennu skeleton (Crypt:2)
  3 death yaks (Lair:5)
  11 vampire magi
  4 occultists
  A satyr (Shoals:2)
  7 deep troll earth magi
  A spectral emperor scorpion (Spider:4)
  5 orc high priests
  8 demonic crawlers
  8 tengu warriors
  A thrashing horror (Abyss:2)
  A titan zombie (Crypt:1)
  A soul eater (Crypt:1)
  2 spriggan berserkers
  2 storm dragon zombies
  2 spriggans (Depths:3)
  Amaemon (D:9)
  25 deep elf knights
  A fire crab (Gauntlet)
  An iron troll (Depths:2)
  A titan skeleton (Crypt:3)
  A shadow wraith (Crypt:1)
  10 pharaoh ants
  A spectral ghost moth (Spider:4)
  A spark wasp zombie (Depths:2)
  6 flayed ghosts
  12 skysharks
  53 skeletal warriors
  2 deep trolls (shapeshifter)
  11 sea snakes
  8 deep elf archers
  5 glowing orange brains
  50 deep trolls
  6 arcanists
  3 steelbarb worms
  25 ironbound convokers
  A sun moth (Spider:3)
  2 bog bodies (Crypt:2)
  A mana viper (shapeshifter) (Depths:4)
  14 orb spiders
  A harpy (shapeshifter) (Elf:2)
  2 obsidian bats
  2 spectral broodmothers (Spider:4)
  45 deep elf pyromancers
  24 harpies
  19 wolf spiders
  6 orc sorcerers
  An iron dragon zombie (Depths:2)
  24 deep elf zephyrmancers
  10 lindwurms
  17 orc knights
  8 necromancers
  5 shining eyes
  11 phantasmal warriors
  8 fauns
  18 manticores
  A cyclops (shapeshifter) (Vaults:5)
  8 cyclopes
  An oklob plant (Lair:2)
  33 ugly things
  Maurice (D:11)
  A large abomination (Abyss:2)
  A stone giant skeleton (Crypt:3)
  24 elephants
  3 kobold blastminers
  A centaur zombie (Crypt:2)
  An ice statue (IceCv)
  8 black mambas
  3 human skeletons
  125 slime creatures
  An eye of devastation (shapeshifter) (Vaults:4)
  2 moths of wrath
  28 vault sentinels
  10 water nymphs
  13 merfolk sirens
  3 torpor snails
  2 smoke demons
  2 eyes of devastation
  An orange demon (D:9)
  An emperor scorpion simulacrum (Spider:4)
  A fire giant skeleton (Crypt:2)
  4 cane toads
  2 gargoyles
  4 freezing wraiths
  15 komodo dragons
  An alligator snapping turtle skeleton (Crypt:2)
  2 unseen horrors
  A dire elephant skeleton (Crypt:3)
  A rime drake (shapeshifter) (D:15)
  An anaconda simulacrum (IceCv)
  5 kobold demonologists
  41 yaktaurs
  3 ghost moth simulacra (Spider:4)
  A yellow draconian skeleton (Crypt:2)
  3 ice devils
  6 tengu conjurers
  2 rime drakes
  A red devil (Volcano)
  A white draconian skeleton (Crypt:3)
  5 guardian mummies (Crypt:3)
  29 merfolk
  9 trolls
  A shadow dragon simulacrum (Crypt:2)
  A polar bear (shapeshifter) (Elf:3)
  A hydra skeleton (Crypt:3)
  4 wind drakes
  7 polar bears
  40 tarantellas
  22 jumping spiders
  A broodmother simulacrum (Spider:4)
  5 harpy skeletons
  2 hornets (Depths:3)
  An iron dragon simulacrum (Depths:2)
  An ettin zombie (Depths:1)
  A fire dragon zombie (Crypt:2)
  9 snapping turtles
  4 dream sheep (Shoals:4)
  13 blink frogs
  4 glass eyes
  An air elemental (Elf:3)
  A fire giant simulacrum (Depths:2)
  2 centaur simulacra
  Sigmund (D:3)
  20 culicivoras
  6 shadows
  5 wraiths
  A satyr skeleton (Crypt:1)
  2 dire elephant simulacra (IceCv)
  4 ettin skeletons
  A human (D:14)
  5 spriggan skeletons
  48 yaks
  2 black mamba skeletons (Crypt:3)
  A yak (shapeshifter) (Elf:3)
  3 fire elementals
  2 basilisks
  29 water elementals
  4 fire bats (Gauntlet)
  8 golden eyes (Slime:2)
  An unseen horror simulacrum (D:10)
  40 redbacks
  A steam dragon (D:10)
  4 wargs
  2 death yak simulacra (IceCv)
  4 vampire mosquitoes
  A naga zombie (Crypt:1)
  A harpy simulacrum (Crypt:2)
  A hydra simulacrum (IceCv)
  3 acid dragons (D:10)
  A demonspawn skeleton (Crypt:1)
  13 water moccasins
  A glowing shapeshifter skeleton (Depths:2)
  A faun skeleton (Crypt:3)
  3 naga skeletons (Crypt:3)
  35 orc warriors
  3 hell hounds (Gauntlet)
  An ice beast (D:8)
  27 laughing skulls
  A lindwurm zombie (Crypt:3)
  An ettin simulacrum (Crypt:1)
  7 ogres
  7 black bears
  8 wolves (Lair:5)
  13 centaurs
  A phantom (D:6)
  A torpor snail zombie (Crypt:1)
  A blink frog skeleton (Crypt:2)
  12 kobold brigands
  Blork the orc (D:5)
  An elf zombie (Crypt:1)
  11 bullfrogs
  A yaktaur skeleton (Crypt:3)
  6 two-headed ogre simulacra (IceCv)
  5 earth elementals
  5 scorpions
  23 wights
  4 cane toad simulacra (IceCv)
  A water moccasin zombie (Crypt:1)
  A wyvern skeleton (Crypt:2)
  A water moccasin skeleton (Crypt:1)
  4 killer bees
  2 elephant simulacra (IceCv)
  An electric eel (Lair:3)
  3 howler monkeys
  A bombardier beetle (D:5)
  4 hounds
  2 gnoll boudas
  31 orc priests
  An iron imp (Abyss:2)
  2 iguanas
  18 orc wizards
  A boggart zombie (Crypt:3)
  A troll simulacrum (IceCv)
  6 spriggan simulacra (IceCv)
  2 wolf simulacra (IceCv)
  An acid dragon zombie (Crypt:1)
  An ogre skeleton (Crypt:3)
  7 mummies (Crypt:3)
  10 gnolls
  A howler monkey skeleton (Crypt:1)
  9 adders
  9 naga simulacra (IceCv)
  A steam dragon skeleton (Crypt:2)
  A shadow imp (D:5)
  7 white imps
  6 ufetubi
  4 ribbon worms
  A dart slug (D:1)
  74 orcs
  3 endoplasms
  5 giant cockroaches
  5 hobgoblins
  4 jackals (D:1)
  2 quokkas
  11 ball pythons
  5 bats
  4 frilled lizards
  15 goblins
  A goblin zombie (Crypt:1)
  20 kobolds
  A kobold skeleton (Crypt:1)
  A kobold zombie (Crypt:3)
  An orc zombie (Crypt:3)
  6 rats
  A rat skeleton (Crypt:2)
  A butterfly (Lair:5)
  25 tentacles
2302 creatures vanquished.

Vanquished Creatures (collateral kills)
  A rockslime (Slime:5)
  A revenant (Crypt:3)
  A draconian knight (Zot:1)
3 creatures vanquished.

Vanquished Creatures (others)
  A fire giant (Vaults:5)
  A spark wasp (Depths:3)
  A deep elf knight (Elf:1)
  A skeletal warrior (Crypt:3)
  A deep troll (Vaults:3)
  A deep elf pyromancer (Elf:3)
  A spriggan zombie (Depths:2)
  A yaktaur (Vaults:3)
  A tarantella (Spider:1)
  A slime creature (Vaults:3)
  A culicivora (Spider:1)
  5 fire vortices
  2 starspawn tentacles (Abyss:2)
  22 tentacles
40 creatures vanquished.

Grand Total: 2345 creatures vanquished

Notes
Turn   | Place    | Note
-------+----------+-------------------------------------------
     0 | D:1      | Ijustatesigmund the Gnoll Conjurer began the quest for the
                  | Orb.
     0 | D:1      | Reached XP level 1. HP: 13/13 MP: 6/6
   144 | D:1      | Reached XP level 2. HP: 19/19 MP: 4/7
   147 | D:1      | Learned a level 2 spell: Searing Ray
   549 | D:1      | Reached skill level 5 in Spellcasting
   549 | D:1      | Reached XP level 3. HP: 11/25 MP: 6/9
  1007 | D:1      | Reached skill level 1 in Invocations
  1242 | D:2      | Reached skill level 1 in Fighting
  1242 | D:2      | Reached skill level 1 in Short Blades
  1242 | D:2      | Reached skill level 1 in Long Blades
  1242 | D:2      | Reached skill level 1 in Axes
  1242 | D:2      | Reached skill level 1 in Maces & Flails
  1242 | D:2      | Reached skill level 1 in Polearms
  1242 | D:2      | Reached skill level 1 in Staves
  1242 | D:2      | Reached skill level 1 in Ranged Weapons
  1242 | D:2      | Reached skill level 1 in Throwing
  1242 | D:2      | Reached skill level 1 in Armour
  1242 | D:2      | Reached skill level 1 in Shields
  1242 | D:2      | Reached skill level 1 in Unarmed Combat
  1242 | D:2      | Reached skill level 1 in Evocations
  1389 | D:2      | Reached skill level 1 in Shapeshifting
  1389 | D:2      | Reached XP level 4. HP: 32/32 MP: 8/11
  1395 | D:2      | Learned a level 4 spell: Iskenderun's Mystic Blast
  1693 | D:2      | Reached skill level 1 in Hexes
  1693 | D:2      | Reached skill level 1 in Summonings
  1693 | D:2      | Reached skill level 1 in Necromancy
  1693 | D:2      | Reached skill level 1 in Translocations
  1693 | D:2      | Reached skill level 1 in Fire Magic
  1693 | D:2      | Reached skill level 1 in Ice Magic
  1693 | D:2      | Reached skill level 1 in Air Magic
  1693 | D:2      | Reached skill level 1 in Earth Magic
  1693 | D:2      | Reached skill level 1 in Alchemy
  1872 | D:3      | Identified the +6 scale mail of Jigsaw {Str+3 Dex-4}
  1923 | D:3      | Noticed a scorpion
  1926 | D:3      | Killed a scorpion
  1927 | D:3      | Reached XP level 5. HP: 30/37 MP: 7/12
  1997 | D:3      | Noticed Sigmund
  2002 | D:3      | Killed Sigmund
  2003 | D:3      | Reached skill level 5 in Dodging
  2003 | D:3      | Reached XP level 6. HP: 44/44 MP: 8/14
  3589 | D:4      | Found a staircase to the Ecumenical Temple.
  3612 | Temple   | Entered the Ecumenical Temple
  3633 | Temple   | Became a worshipper of Vehumet
  4115 | D:5      | Entered Level 5 of the Dungeon
  4125 | D:4      | Reached XP level 7. HP: 36/51 MP: 6/15
  4787 | D:5      | Found a sparkling altar of Nemelex Xobeh.
  4808 | D:5      | Noticed Blork the orc
  4852 | D:5      | Killed Blork the orc
  4853 | D:5      | Reached skill level 5 in Stealth
  5326 | D:5      | Found a faded altar of an unknown god.
  5326 | D:5      | Found a shimmering blue altar of Sif Muna.
  5351 | D:5      | Found a hazy altar of Hepliaklqana.
  5536 | D:5      | Found a broken altar of Ashenzari.
  5538 | D:5      | Found a stormy altar of Qazlal.
  5619 | D:5      | Found a blossoming altar of Fedhas.
  5619 | D:5      | Found a sacrificial altar of Ru.
  5703 | D:5      | Found a white marble altar of Elyvilon.
  5757 | D:5      | Reached XP level 8. HP: 54/58 MP: 16/16
  7098 | D:6      | Reached * piety under Vehumet
  7098 | D:6      | Offered knowledge of Sting by Vehumet.
  7207 | D:6      | Gained mutation: Armour fits poorly on your strangely
                  | shaped body. [potion of mutation]
  7207 | D:6      | Gained mutation: You are robust. (+10% HP) [potion of
                  | mutation]
  7208 | D:6      | Lost mutation: Armour fits poorly on your strangely shaped
                  | body. [potion of mutation]
  7208 | D:6      | Lost mutation: You are robust. (+10% HP) [potion of
                  | mutation]
  7208 | D:6      | Gained mutation: Armour fits poorly on your strangely
                  | shaped body. [potion of mutation]
  7208 | D:6      | Gained mutation: You are covered in fur. (AC +1) [potion of
                  | mutation]
  7461 | D:6      | Noticed a yak
  7461 | D:6      | Noticed a yak
  7468 | D:6      | Killed a yak
  7471 | D:6      | Reached XP level 9. HP: 31/65 MP: 10/18
  7792 | D:7      | Found a flagged portal.
  7806 | Bailey   | Entered a bailey
  8167 | Bailey   | Offered knowledge of Static Discharge by Vehumet.
  8172 | Bailey   | Reached ** piety under Vehumet
  8416 | Bailey   | Reached skill level 5 in Hexes
  8416 | Bailey   | Reached skill level 5 in Summonings
  8416 | Bailey   | Reached skill level 5 in Necromancy
  8416 | Bailey   | Reached skill level 5 in Translocations
  8416 | Bailey   | Reached skill level 5 in Fire Magic
  8416 | Bailey   | Reached skill level 5 in Ice Magic
  8416 | Bailey   | Reached skill level 5 in Air Magic
  8416 | Bailey   | Reached skill level 5 in Earth Magic
  8416 | Bailey   | Reached skill level 5 in Alchemy
  8416 | Bailey   | Reached skill level 5 in Shapeshifting
  8416 | Bailey   | Reached XP level 10. HP: 76/76 MP: 18/22
  8541 | Bailey   | Noticed an orc knight
  8704 | Bailey   | Killed an orc knight
  8937 | Bailey   | Noticed an orc knight
  8978 | Bailey   | Killed an orc knight
  9697 | D:7      | Noticed a boulder beetle
 10539 | D:8      | Offered knowledge of Stone Arrow by Vehumet.
 10547 | D:8      | Learned a level 3 spell: Stone Arrow
 10960 | D:8      | Reached *** piety under Vehumet
 11648 | D:9      | Noticed an orange demon
 11650 | D:9      | Noticed an arcanist
 11658 | D:9      | Killed an orange demon
 11659 | D:9      | Reached XP level 11. HP: 73/83 MP: 13/23
 11661 | D:9      | Killed an arcanist
 11666 | D:9      | Noticed Amaemon
 11701 | D:9      | Offered knowledge of Frozen Ramparts by Vehumet.
 11706 | D:9      | Killed Amaemon
 12028 | D:9      | Noticed a two-headed ogre
 12035 | D:9      | Killed a two-headed ogre
 12287 | D:9      | Found a snail-covered altar of Cheibriados.
 12296 | D:9      | Learned a level 3 spell: Frozen Ramparts
 12299 | D:9      | Learned a level 2 spell: Blink
 12304 | D:9      | Learned a level 4 spell: Olgreb's Toxic Radiance
 12701 | D:10     | Entered Level 10 of the Dungeon
 12928 | D:10     | Noticed an orc knight
 12932 | D:10     | Noticed a cyclops
 12932 | D:10     | Noticed a boulder beetle
 12937 | D:10     | Killed an orc knight
 12945 | D:10     | Killed a boulder beetle
 13259 | D:10     | Noticed a two-headed ogre
 13265 | D:10     | Killed a two-headed ogre
 13267 | D:10     | Identified the +4 trident "Tilav" {freeze, rF+ SInv}
 13314 | D:10     | Noticed a catoblepas
 13326 | D:10     | Killed a catoblepas
 13333 | D:10     | Reached XP level 12. HP: 23/91 MP: 8/25
 14044 | D:10     | Identified the +12 broad axe of Caynwaog {elec, rPois
                  | Dex+3}
 14559 | D:10     | Identified the amulet of Sunlight {Acrobat rF+ Dex+2}
 14791 | D:10     | Identified the +9 long sword "Adots" {freeze, +Blink rElec
                  | rCorr MP+9}
 15745 | D:11     | Noticed a two-headed ogre
 15750 | D:11     | Killed a two-headed ogre
 16028 | D:11     | Noticed a two-headed ogre
 16042 | D:11     | Killed a two-headed ogre
 16101 | D:11     | Reached **** piety under Vehumet
 16308 | D:11     | Found a staircase to the Orcish Mines.
 16369 | D:11     | Found a staircase to the Lair.
 16798 | D:11     | Noticed Maurice
 16816 | D:11     | Killed Maurice
 17488 | D:12     | Identified the ring "Usanop" {Wiz Str+3 SInv}
 18228 | D:12     | Reached skill level 10 in Conjurations
 18461 | D:12     | Noticed a two-headed ogre
 18462 | D:12     | Noticed a two-headed ogre
 18462 | D:12     | Noticed a boulder beetle
 18471 | D:12     | Killed a two-headed ogre
 18471 | D:12     | Offered knowledge of Irradiate by Vehumet.
 18473 | D:12     | Killed a boulder beetle
 18474 | D:12     | Reached XP level 13. HP: 44/99 MP: 21/26
 19058 | D:12     | Noticed Pascal76's ghost (journeyman MiFi)
 19059 | D:12     | Found a runed translucent gate.
 19059 | D:12     | Found a runed translucent gate.
 19059 | D:12     | Found a runed translucent gate.
 19242 | D:12     | Lost mutation: You are covered in fur. (AC +1) [potion of
                  | mutation]
 19242 | D:12     | Lost mutation: Armour fits poorly on your strangely shaped
                  | body. [potion of mutation]
 19242 | D:12     | Gained mutation: You are frail. (-10% HP) [potion of
                  | mutation]
 19242 | D:12     | Gained mutation: You are very frail. (-20% HP) [potion of
                  | mutation]
 19242 | D:12     | Gained mutation: Your body sometimes deteriorates upon
                  | taking damage. [potion of mutation]
 19243 | D:12     | Lost mutation: Your body sometimes deteriorates upon taking
                  | damage. [potion of mutation]
 19243 | D:12     | Lost mutation: You are very frail. (-20% HP) [potion of
                  | mutation]
 19243 | D:12     | Lost mutation: You are frail. (-10% HP) [potion of
                  | mutation]
 19243 | D:12     | Gained mutation: Your flesh is heat resistant. (rF+)
                  | [potion of mutation]
 19243 | D:12     | Gained mutation: Your muscles are strong. (Str +4, Int/Dex
                  | -1) [potion of mutation]
 19243 | D:12     | Gained mutation: Your mind is acute. (Int +4, Str/Dex -1)
                  | [potion of mutation]
 19250 | D:12     | Learned a level 5 spell: Irradiate
 19298 | D:12     | Reached skill level 10 in Spellcasting
 20473 | D:13     | Reached skill level 10 in Dodging
 20657 | Lair:1   | Entered Level 1 of the Lair of Beasts
 20709 | Lair:1   | Found a gate leading to a gauntlet.
 20718 | Gauntlet | Entered a Gauntlet
 20718 | Gauntlet | Found a transporter.
 20731 | Gauntlet | Found a transporter.
 20733 | Gauntlet | Found a transporter.
 20734 | Gauntlet | Found a transporter.
 20737 | Gauntlet | Found a transporter.
 20738 | Gauntlet | Found a transporter.
 20744 | Gauntlet | Noticed a green death
 20746 | Gauntlet | Noticed an entropy weaver
 20748 | Gauntlet | Found a transporter.
 20748 | Gauntlet | Found a transporter.
 20783 | Gauntlet | Found a transporter.
 20783 | Gauntlet | Found a transporter.
 20787 | Gauntlet | Found a transporter.
 20853 | Gauntlet | Got Plog's Discourse on the Vapourous Mob
 20867 | Gauntlet | Killed an entropy weaver
 20868 | Gauntlet | Reached skill level 10 in Stealth
 21016 | Gauntlet | Noticed a minotaur
 21021 | Gauntlet | Killed a minotaur
 21071 | Gauntlet | Identified the +0 robe "Golateev" {Dex+4}
 21071 | Gauntlet | Identified the +1 cloak of the Unbroken {rPois rF- rN++
                  | Int+3}
 21072 | Gauntlet | Got the Omnibus of Citrinitas and Hypothermia
 21124 | Lair:1   | Reached skill level 10 in Invocations
 21276 | Lair:1   | Reached ***** piety under Vehumet
 21281 | Lair:1   | Offered knowledge of Starburst by Vehumet.
 21293 | Lair:1   | Reached XP level 14. HP: 101/108 MP: 22/28
 21423 | Lair:1   | Reached XP level 15. HP: 114/114 MP: 29/29
 21431 | Lair:1   | Learned a level 6 spell: Starburst
 22117 | Lair:2   | Noticed Gastronok
 22128 | Lair:2   | Killed Gastronok
 22917 | Lair:3   | Found a hole to the Spider Nest.
 23143 | Lair:3   | Reached skill level 10 in Fighting
 23143 | Lair:3   | Reached skill level 10 in Short Blades
 23143 | Lair:3   | Reached skill level 10 in Long Blades
 23143 | Lair:3   | Reached skill level 10 in Axes
 23143 | Lair:3   | Reached skill level 10 in Maces & Flails
 23143 | Lair:3   | Reached skill level 10 in Polearms
 23143 | Lair:3   | Reached skill level 10 in Staves
 23143 | Lair:3   | Reached skill level 10 in Ranged Weapons
 23143 | Lair:3   | Reached skill level 10 in Throwing
 23143 | Lair:3   | Reached skill level 10 in Armour
 23143 | Lair:3   | Reached skill level 10 in Shields
 23143 | Lair:3   | Reached skill level 10 in Unarmed Combat
 23143 | Lair:3   | Reached skill level 10 in Evocations
 23586 | Lair:4   | Found a dark tunnel.
 23592 | Volcano  | Entered a volcano
 24335 | Lair:4   | Identified the +6 ring mail "Jivvuzi" {rElec rC+}
 25080 | Lair:5   | Entered Level 5 of the Lair of Beasts
 25165 | Lair:5   | Offered knowledge of Ozocubu's Refrigeration by Vehumet.
 25313 | Lair:5   | Found a staircase to the Slime Pits.
 25537 | Lair:5   | Reached XP level 16. HP: 122/123 MP: 31/31
 26522 | Shoals:1 | Entered Level 1 of the Shoals
 26532 | Shoals:1 | Reached skill level 10 in Shapeshifting
 28282 | Shoals:2 | Identified the +2 scale mail "Oberuentyaph" {rN+ Stlth+}
 28438 | Shoals:2 | Found a runed translucent gate.
 28438 | Shoals:2 | Found a runed translucent gate.
 28438 | Shoals:2 | Found a runed translucent gate.
 28452 | Shoals:2 | Upgraded the game from 0.32-a0-940-g8c197d95f1 to
                  | 0.32-a0-960-g3814254bd7
 28457 | Shoals:2 | Learned a level 4 spell: Dispel Undead
 28469 | Shoals:2 | Noticed Hisysic's ghost (adept GrFi)
 28551 | Shoals:2 | Offered knowledge of Lee's Rapid Deconstruction by Vehumet.
 28622 | Shoals:2 | Reached XP level 17. HP: 98/131 MP: 33/33
 28753 | Shoals:2 | Identified the +0 pair of gloves of the Vestibule of Hell
                  | {Dex+3}
 28968 | Shoals:2 | Killed Hisysic's ghost
 29606 | Shoals:3 | Found Haaloama's Assorted Antiques.
 29641 | Shoals:3 | Bought a knobbly jewelled staff for 408 gold pieces
 29641 | Shoals:3 | Bought a flickering carnelian ring for 170 gold pieces
 29641 | Shoals:3 | Identified the ring "Xiegem" {rElec Will+ Int+4} (You
                  | bought it in a shop on level 3 of the Shoals)
 30512 | Shoals:3 | Reached skill level 10 in Hexes
 30512 | Shoals:3 | Reached skill level 10 in Summonings
 30512 | Shoals:3 | Reached skill level 10 in Necromancy
 30512 | Shoals:3 | Reached skill level 10 in Translocations
 30512 | Shoals:3 | Reached skill level 10 in Fire Magic
 30512 | Shoals:3 | Reached skill level 10 in Ice Magic
 30512 | Shoals:3 | Reached skill level 10 in Air Magic
 30512 | Shoals:3 | Reached skill level 10 in Earth Magic
 30512 | Shoals:3 | Reached skill level 10 in Alchemy
 30546 | Shoals:3 | Found a radiant altar of Vehumet.
 30559 | Shoals:3 | Noticed a kraken
 30572 | Shoals:3 | Killed a kraken
 30686 | Shoals:4 | Entered Level 4 of the Shoals
 30895 | Shoals:4 | Identified the ring of Tezynu {Ice Will+ Str+3 Slay+2}
 31011 | Shoals:4 | Offered knowledge of Arcjolt by Vehumet.
 31367 | Shoals:4 | Upgraded the game from 0.32-a0-960-g3814254bd7 to
                  | 0.32-a0-968-g61e5eb5241
 31599 | Shoals:4 | Noticed a kraken
 31599 | Shoals:4 | Noticed a kraken
 31606 | Shoals:4 | Killed a kraken
 31608 | Shoals:4 | Killed a kraken
 31685 | Shoals:4 | Noticed a kraken
 31703 | Shoals:4 | Killed a kraken
 31759 | Shoals:4 | Noticed a kraken
 31774 | Shoals:4 | Killed a kraken
 31930 | Shoals:4 | Noticed Ilsuiw
 31942 | Shoals:4 | Killed Ilsuiw
 32305 | Shoals:4 | Noticed a kraken
 32311 | Shoals:4 | Reached ****** piety under Vehumet
 32314 | Shoals:4 | Killed a kraken
 32414 | Shoals:4 | Got a barnacled rune of Zot
 32665 | Shoals:4 | Noticed a kraken
 32672 | Shoals:4 | Killed a kraken
 32673 | Shoals:4 | Reached XP level 18. HP: 140/140 MP: 31/35
 32955 | Orc:1    | Entered Level 1 of the Orcish Mines
 32991 | Orc:1    | Found a frozen archway.
 33005 | IceCv    | Entered an ice cave
 34516 | IceCv    | Offered knowledge of Freezing Cloud by Vehumet.
 35231 | Orc:1    | Found a roughly hewn altar of Beogh.
 35461 | Orc:2    | Entered Level 2 of the Orcish Mines
 35504 | Orc:1    | Paralysed by an orc sorcerer for 2 turns
 36011 | Orc:2    | Offered knowledge of Plasma Beam by Vehumet.
 36013 | Orc:2    | Found Rewk's General Store.
 36013 | Orc:2    | Found Ishy's Armour Emporium.
 36013 | Orc:2    | Found Rockiobrae's Weapon Shoppe.
 36041 | Orc:2    | Found Roubiete's Jewellery Shoppe.
 36124 | Orc:2    | Found a radiant altar of Vehumet.
 36227 | Orc:2    | Found a staircase to the Elven Halls.
 36570 | Elf:1    | Entered Level 1 of the Elven Halls
 37284 | Elf:1    | Noticed Agnes
 37323 | Elf:1    | Killed Agnes
 37731 | Elf:2    | Found a runed translucent gate.
 37736 | Elf:2    | Found a runed translucent gate.
 37736 | Elf:2    | Found a runed translucent gate.
 38062 | Elf:2    | Noticed Asterion
 38073 | Elf:2    | Killed Asterion
 38191 | Elf:2    | Offered knowledge of Magnavolt by Vehumet.
 38196 | Elf:2    | Reached XP level 19. HP: 134/149 MP: 28/36
 38990 | Elf:3    | Entered Level 3 of the Elven Halls
 39497 | Elf:3    | Found a transporter.
 39501 | Elf:3    | Found a transporter.
 39631 | Elf:3    | Found a transporter.
 39641 | Elf:3    | Found a transporter.
 39678 | Elf:3    | Found a transporter.
 39832 | Elf:3    | Found a transporter.
 41338 | Elf:3    | Identified the +8 mace of the Loving Gods {speed, rF- rC++
                  | Int+5}
 41344 | Elf:3    | Identified the amulet "Oliesag" {Regen+ RegenMP+ rCorr
                  | Str+2}
 42426 | Elf:3    | Identified the ring of the Ikuchi {rPois rC+ Dex+5}
 42429 | Elf:3    | Identified the ring of False Pretenses {Fly rPois Will-
                  | SInv Stlth+}
 42442 | Elf:3    | Identified the ring "Zick" {Wiz rPois Str+3}
 42595 | Elf:3    | Identified the +12 great mace of Symmetry {drain, Will+
                  | Dex+5}
 43578 | Elf:3    | Offered knowledge of Fire Storm by Vehumet.
 43578 | Elf:3    | Offered knowledge of Ignition by Vehumet.
 43578 | Elf:3    | Offered knowledge of Fulsome Fusillade by Vehumet.
 43664 | Elf:3    | Identified the ring "Misturgh" {Wiz Will- Int+3 Dex+3 SInv}
 43674 | Elf:3    | Identified the staff of the Hall of Blades {*Slow rPois rF-
                  | MP+9 Dex+6 Alchemy}
 44030 | Spider:1 | Entered Level 1 of the Spider Nest
 44494 | Spider:1 | Reached XP level 20. HP: 146/158 MP: 38/38
 44821 | Spider:1 | Reached skill level 15 in Invocations
 45147 | Spider:1 | Found a runed translucent door.
 45149 | Spider:1 | Noticed grizmgrazm2's ghost (journeyman TrFi)
 45593 | Spider:1 | Noticed Jorgrun
 45603 | Spider:1 | Killed Jorgrun
 45955 | Spider:1 | Killed grizmgrazm2's ghost
 47751 | Spider:4 | Entered Level 4 of the Spider Nest
 48087 | Spider:4 | Reached skill level 15 in Spellcasting
 48855 | Spider:4 | Reached skill level 15 in Dodging
 48934 | Spider:4 | Reached skill level 15 in Short Blades
 49005 | Spider:4 | Reached skill level 15 in Staves
 49171 | Spider:4 | Reached skill level 15 in Stealth
 49321 | Spider:4 | Identified the +3 hand axe of Undoing {elec, rC+ Int+2}
 49434 | Spider:4 | Reached XP level 21. HP: 157/166 MP: 34/40
 49448 | Spider:4 | Got a gossamer rune of Zot
 49451 | Spider:4 | Reached XP level 22. HP: 173/173 MP: 41/41
 49491 | Spider:4 | Identified the scarf "Lisakur" {shadows, ^Drain Int+7
                  | Stlth+}
 49576 | Spider:4 | Found a runed translucent gate.
 49576 | Spider:4 | Found a runed translucent gate.
 49578 | Spider:4 | Found a runed translucent gate.
 49581 | Spider:4 | Noticed Adeche Beuh's ghost (journeyman DrCj)
 49613 | Spider:4 | Killed Adeche Beuh's ghost
 50195 | D:12     | Killed Pascal76's ghost
 50428 | D:14     | Found a radiant altar of Vehumet.
 50664 | D:14     | Found a gate to the Vaults.
 50875 | D:15     | Entered Level 15 of the Dungeon
 51394 | D:15     | Found a staircase to the Depths.
 51701 | Vaults:1 | Entered Level 1 of the Vaults
 51707 | Vaults:1 | Reached skill level 15 in Unarmed Combat
 52150 | Vaults:1 | Found a white marble altar of Elyvilon.
 52187 | Vaults:1 | Found Akocw's Book Shop.
 52212 | Vaults:1 | Bought Lehudib's Meditations on Violence for 528 gold
                  | pieces
 52212 | Vaults:1 | Bought an Everburning Encyclopedia for 456 gold pieces
 52217 | Vaults:1 | Learned a level 4 spell: Ignite Poison
 52417 | Vaults:1 | Reached skill level 15 in Fighting
 52417 | Vaults:1 | Reached skill level 15 in Long Blades
 52417 | Vaults:1 | Reached skill level 15 in Axes
 52417 | Vaults:1 | Reached skill level 15 in Maces & Flails
 52417 | Vaults:1 | Reached skill level 15 in Polearms
 52417 | Vaults:1 | Reached skill level 15 in Ranged Weapons
 52417 | Vaults:1 | Reached skill level 15 in Throwing
 52417 | Vaults:1 | Reached skill level 15 in Armour
 52417 | Vaults:1 | Reached skill level 15 in Shields
 52417 | Vaults:1 | Reached skill level 15 in Evocations
 53645 | Vaults:2 | Identified the +0 ring mail of Snakes and Ladders {rPois
                  | rN+ Will+}
 55365 | Vaults:2 | Reached XP level 23. HP: 162/181 MP: 43/43
 56655 | Vaults:3 | Paralysed by a formless jellyfish for 1 turns
 56891 | Vaults:3 | Found a runed translucent gate.
 56891 | Vaults:3 | Found a runed translucent gate.
 56891 | Vaults:3 | Found a runed translucent gate.
 56891 | Vaults:3 | Noticed Jannitor's ghost (adept FoCK)
 57298 | Vaults:3 | Found a staircase to the Crypt.
 57309 | Vaults:3 | Reached skill level 15 in Conjurations
 57614 | Vaults:3 | Found a viscous altar of Jiyva.
 57765 | Vaults:4 | Paralysed by a sphinx for 3 turns
 58853 | Vaults:4 | Found Fuos's Armour Emporium.
 59477 | Vaults:5 | Entered Level 5 of the Vaults
 59481 | Vaults:5 | Reached XP level 24. HP: 184/191 MP: 43/43
 61621 | Vaults:4 | Reached skill level 15 in Shapeshifting
 62985 | Vaults:5 | Identified the +9 falchion "Xafism" {drain, rPois rCorr}
 64200 | Vaults:5 | Identified the +2 troll leather armour of the Cricket
                  | {rElec Will+ Regen+ Dex+4}
 64263 | Vaults:5 | Identified the amulet "Aliucuutz" {Regen+ Slay+2}
 64275 | Vaults:5 | Identified the +7 war axe of the Sage {flame, rPois rF++
                  | Dex+3}
 64316 | Vaults:5 | Identified the ring of Gozag's Inspiration {Str+6 Stlth+}
 64455 | Vaults:5 | Got a silver rune of Zot
 64700 | Vaults:5 | Identified the +7 shortbow of Dawn {heavy, rN++ MP-9}
 65205 | Vaults:5 | Got the Codex of Enchantment
 65425 | Vaults:5 | Found Ruranoph's General Store.
 65435 | Vaults:5 | Identified the +0 rapier "Baucuiph" {flame, *Corrode rF+
                  | Str+5 SInv}
 65438 | Vaults:5 | Bought a potion of heal wounds for 85 gold pieces
 65945 | Depths:1 | Entered Level 1 of the Depths
 65945 | Depths:1 | Noticed Norris
 65951 | Depths:1 | Reached XP level 25. HP: 175/199 MP: 17/44
 66253 | Depths:1 | Killed Norris
 66323 | Depths:1 | Found Rugrergh's Antique Armour Shoppe.
 66675 | Depths:1 | Bought a pair of glowing gloves for 240 gold pieces
 66675 | Depths:1 | Bought an ancient leather armour for 224 gold pieces
 66675 | Depths:1 | Identified the +3 leather armour of Violets {rCorr Dex+3}
                  | (You bought it in a shop on level 1 of the Depths)
 67045 | Depths:1 | Reached XP level 26. HP: 207/207 MP: 44/44
 67079 | Depths:1 | Found a gateway to Hell.
 67150 | Depths:1 | Found a glowing silver altar of Zin.
 67338 | Depths:1 | Got the Book of the Nimbus
 67364 | Depths:1 | Found a shimmering blue altar of Sif Muna.
 67384 | Depths:1 | Noticed an ancient lich
 67386 | Depths:1 | Noticed an ancient lich
 67403 | Depths:1 | Killed an ancient lich
 67405 | Depths:1 | Killed an ancient lich
 67620 | Depths:1 | Got the Anthology of Aeromancy
 67635 | Depths:1 | Got the Almanac of the Nimbus
 67637 | Depths:1 | Got the Compilation of Elsewhere
 67947 | Depths:2 | Learned a level 3 spell: Passwall
 69713 | Depths:2 | Found a one-way gate leading to the halls of Pandemonium.
 69756 | Depths:2 | Found Enetserr's General Store.
 69761 | Depths:2 | Found a one-way gate to the infinite horrors of the Abyss.
 70070 | Depths:2 | Bought a scroll of teleportation for 48 gold pieces
 70767 | Depths:3 | Found a one-way gateway to a ziggurat.
 71192 | Depths:3 | Found a white marble altar of Elyvilon.
 71209 | Depths:3 | Found Gozag's Platinum Reserve.
 71210 | Depths:3 | Found an opulent altar of Gozag.
 71990 | Depths:4 | Entered Level 4 of the Depths
 72379 | Depths:4 | Found a portal to a secret trove of treasure.
 72754 | Depths:4 | Identified a scroll of acquirement
 72762 | Depths:4 | Acquired a manual of Polearms
 72826 | Depths:4 | Found a runed translucent gate.
 72826 | Depths:4 | Found a runed translucent gate.
 72827 | Depths:4 | Found a runed translucent gate.
 72828 | Depths:4 | Noticed Misic's ghost (adept GnAE)
 72829 | Depths:4 | Noticed Hauff's ghost (veteran GrEE)
 72830 | Depths:4 | Noticed Lech's ghost (adept DECj)
 72935 | Depths:4 | Reached XP level 27. HP: 138/215 MP: 44/45
 72949 | Depths:4 | Reached skill level 15 in Hexes
 72949 | Depths:4 | Reached skill level 15 in Summonings
 72949 | Depths:4 | Reached skill level 15 in Necromancy
 72949 | Depths:4 | Reached skill level 15 in Translocations
 72949 | Depths:4 | Reached skill level 15 in Fire Magic
 72949 | Depths:4 | Reached skill level 15 in Ice Magic
 72949 | Depths:4 | Reached skill level 15 in Air Magic
 72949 | Depths:4 | Reached skill level 15 in Earth Magic
 72949 | Depths:4 | Reached skill level 15 in Alchemy
 72950 | Depths:4 | Gained mutation: Your spells are a little easier to cast,
                  | but a little less powerful. [mutagenic glow]
 73297 | Depths:4 | Found a gate to the Realm of Zot.
 73391 | Depths:4 | Killed Lech's ghost
 73415 | Depths:4 | Killed Hauff's ghost
 73421 | Depths:4 | Killed Misic's ghost
 73799 | Depths:4 | Upgraded the game from 0.32-a0-968-g61e5eb5241 to
                  | 0.32-a0-975-g85d4e5bfdb
 74278 | Depths:4 | Noticed a juggernaut
 74296 | Depths:4 | Killed a juggernaut
 74767 | Slime:1  | Entered Level 1 of the Pits of Slime
 74829 | Slime:2  | Gained mutation: You possess an exceptional clarity of
                  | mind. [a shining eye]
 74987 | Slime:2  | Gained mutation: Your magical capacity is low. (-10% MP) [a
                  | shining eye]
 75159 | Slime:2  | Noticed Dissolution
 75175 | Slime:2  | Killed Dissolution
 75884 | Slime:2  | Gained mutation: Armour fits poorly on your strangely
                  | shaped body. [a shining eye]
 76538 | Slime:5  | Entered Level 5 of the Pits of Slime
 77963 | Slime:5  | Lost mutation: Your muscles are strong. (Str +4, Int/Dex
                  | -1) [a shining eye]
 78421 | Slime:5  | Noticed the Royal Jelly
 78430 | Slime:5  | Killed the Royal Jelly
 78789 | Slime:5  | Identified the +8 spear of Konwilam {speed, rElec Will-
                  | rCorr Str+3}
 79044 | Slime:5  | Identified the staff "Reara" {rElec rN+ Air}
 79059 | Slime:5  | Got a slimy rune of Zot
 79070 | Slime:5  | Found the ring of the Mage {Wiz Archmagi}
 79074 | Slime:5  | Identified the +0 chain mail of Ennui {Fly rF+ Int+3 SInv}
 79082 | Slime:5  | Identified the +7 trident of the Assorted Queens {flame,
                  | Int+5 Stlth+}
 79094 | Slime:5  | Identified the +2 flail "Anysag" {protect, Dex+5}
 79118 | Slime:5  | Identified the ring "Pisch" {Fly Str+3 Dex+3}
 79227 | Slime:5  | Identified the +0 broad axe "Roocwev" {freeze, rF++ Will+}
 79462 | Slime:5  | Lost mutation: Your flesh is heat resistant. (rF+) [potion
                  | of mutation]
 79462 | Slime:5  | Lost mutation: Your spells are a little easier to cast, but
                  | a little less powerful. [potion of mutation]
 79462 | Slime:5  | Lost mutation: You possess an exceptional clarity of mind.
                  | [potion of mutation]
 79462 | Slime:5  | Gained mutation: Your spells are a little harder to cast,
                  | but a little more powerful. [potion of mutation]
 79462 | Slime:5  | Gained mutation: You have supernaturally acute eyesight.
                  | (SInv) [potion of mutation]
 79462 | Slime:5  | Gained mutation: You are agile. (Dex +4, Str/Int -1)
                  | [potion of mutation]
 79463 | Slime:5  | Lost mutation: Your mind is acute. (Int +4, Str/Dex -1)
                  | [potion of mutation]
 79463 | Slime:5  | Lost mutation: You are agile. (Dex +4, Str/Int -1) [potion
                  | of mutation]
 79463 | Slime:5  | Gained mutation: Your spells are harder to cast, but more
                  | powerful. [potion of mutation]
 79463 | Slime:5  | Gained mutation: You are dopey. (Int -2) [potion of
                  | mutation]
 79463 | Slime:5  | Lost mutation: You are dopey. (Int -2) [potion of mutation]
 79464 | Slime:5  | Lost mutation: You have supernaturally acute eyesight.
                  | (SInv) [potion of mutation]
 79464 | Slime:5  | Lost mutation: Your spells are harder to cast, but more
                  | powerful. [potion of mutation]
 79464 | Slime:5  | Lost mutation: Armour fits poorly on your strangely shaped
                  | body. [potion of mutation]
 79464 | Slime:5  | Gained mutation: You are weak. (Str -2) [potion of
                  | mutation]
 79464 | Slime:5  | Gained mutation: You are clumsy. (Dex -2) [potion of
                  | mutation]
 79465 | Slime:5  | Lost mutation: You are weak. (Str -2) [potion of mutation]
 79465 | Slime:5  | Lost mutation: You are clumsy. (Dex -2) [potion of
                  | mutation]
 79465 | Slime:5  | Gained mutation: You are partially covered in iridescent
                  | scales. (AC +2) [potion of mutation]
 79465 | Slime:5  | Lost mutation: Your spells are a little harder to cast, but
                  | a little more powerful. [potion of mutation]
 79465 | Slime:5  | Gained mutation: You are strong-willed. (Will+) [potion of
                  | mutation]
 79466 | Slime:5  | Lost mutation: You are partially covered in iridescent
                  | scales. (AC +2) [potion of mutation]
 79466 | Slime:5  | Lost mutation: Your magical capacity is low. (-10% MP)
                  | [potion of mutation]
 79466 | Slime:5  | Gained mutation: Your magical capacity is low. (-10% MP)
                  | [potion of mutation]
 79466 | Slime:5  | Gained mutation: Your mind is acute. (Int +4, Str/Dex -1)
                  | [potion of mutation]
 79466 | Slime:5  | Gained mutation: You are weak. (Str -2) [potion of
                  | mutation]
 79873 | Crypt:1  | Entered Level 1 of the Crypt
 80286 | Crypt:1  | Got Rawyklutt's Thoughts on the Necropsy
 80491 | Crypt:1  | Found a magical portal.
 82034 | Abyss:2  | Found a corrupted altar of Lugonu.
 82034 | Abyss:2  | Cast into level 2 of the Abyss (skeletal warrior)
 82191 | Crypt:2  | Escaped the Abyss
 82656 | Crypt:3  | Entered Level 3 of the Crypt
 83208 | Crypt:3  | Found an ancient bone altar of Kikubaaqudgha.
 83377 | Crypt:3  | Found the +2 shield of Resistance {rF++ rC++ Will++}
 83626 | Crypt:3  | Noticed a dread lich
 83668 | Crypt:3  | Killed a dread lich
 84127 | Crypt:3  | Identified the ring "Jyteid" {rN++ Dex+6 SInv}
 84127 | Crypt:3  | Identified the ring "Udeodu Bapai" {Fire rN++ Dex+3}
 84127 | Crypt:3  | Identified the ring "Totauvum" {Fire rN++ Dex+2}
 84151 | Crypt:3  | Identified the +1 falchion "Porrik" {pain, rF+}
 84682 | Crypt:3  | Learned a level 9 spell: Fire Storm
 84692 | Crypt:3  | Learned a level 9 spell: Polar Vortex
 84701 | Crypt:3  | Found a staircase to the Tomb.
 85844 | Zot:1    | Entered Level 1 of the Realm of Zot
 85880 | Zot:1    | HP: 2/219 [golden dragon/bolt of cold (54)]
 85883 | Zot:1    | Killed from afar by a purple draconian shifter

Illustrated notes

Levels and vault maps discovered:
D:1:      dpeg_arrival_radiant, layout_loops_cross
D:2:      layout_rooms, minivault_11, nrook_loot_triangle
D:3:      layout_loops_corners, uniq_sigmund
D:4:      layout_basic, minmay_temple_entry_crystal_x, kennysheep_generic_room_9
D:5:      layout_rooms, overflow_temple_1_default,
          chequers_temple_overflow_minitemple,
          mainiacjoe_overflow_surrounded_room, gammafunk_temple_overflow_pools,
          serial_library_hellmonk_recessed_alcove, uniq_blork_the_orc
D:6:      layout_gridville, minmay_misc_feat_square, minmay_three_doors
D:7:      layout_cave_pods, enter_bailey_5
D:8:      layout_basic, nicolae_two_hexagons
D:9:      layout_cave_pools, mainiacjoe_overflow_brackets, serial_rivers,
          chequers_serial_rivers_micro_e, chequers_serial_rivers_small_3,
          chequers_serial_rivers_large_b, chequers_serial_rivers_large_a,
          chequers_serial_rivers_room_b, uniq_amaemon
D:10:     minmay_the_grid_square_5x5_3x3
          [minmay_the_grid_square_5x5_broken_cross,
          minmay_the_grid_square_5x5_checkered,
          minmay_the_grid_square_5x5_shrine1,
          minmay_the_grid_square_5x5_inner_v,
          minmay_the_grid_square_5x5_megaprize_checkered,
          minmay_the_grid_square_5x5_eight,
          minmay_the_grid_square_5x5_three_small,
          minmay_the_grid_square_5x5_n_small,
          minmay_the_grid_square_5x5_eight_small], layout_grid_maze
D:11:     layout_basic, grunt_lair_entry_orc_guard_hut, orc_0_dummy,
          uniq_maurice
D:12:     layout_loops_ring, gammafunk_ghost_nasty_kobolds,
          minmay_fractal_squares_5
D:13:     layout_irregular_city
D:14:     layout_rooms, hellmonk_vaults_keyhole, hangedman_decor_growths,
          nicolae_vehumet_altar_sigil
D:15:     gammafunk_enter_depths_forms, layout_cave_pools, serial_glass,
          glass_columns_b, glass_columns_a, serial_bayou_lagoon_a
Temple:   dshaligram_water_room_temple
Lair:1:   layout_regular_city, gauntlet_entry_generic,
          hangedman_lair_generics_rect, grunt_megastairs_2,
          infiniplex_staircase_pool_2, lemuel_fruit_tree
Lair:2:   layout_roguey, uniq_gastronok
Lair:3:   layout_gridlike, nicolae_shoals_entry_flooding,
          nicolae_spider_entry_orb_guardian, columned_hall_lemuel,
          gammafunk_lair_bear_cave
Lair:4:   layout_cave_pods, enter_volcano_4, hibernation_bobbens,
          grunt_megastairs_3
Lair:5:   grunt_lair_end_beastmaster, layout_big_grid, slime_entry_1,
          lemuel_fruit_fields
Shoals:1: layout_shoals, nicolae_shoals_raging_river
Shoals:2: layout_shoals, gammafunk_ghost_tricky_traps, nicolae_shoals_songs
Shoals:3: layout_shoals, serial_shops, nicolae_shop_window_shopping,
          wheals_shoals_ruined_temple
Shoals:4: shoals_end_hangedman, layout_shoals, shoals_ilsuiw_alternative,
          nicolae_shoals_kraken_party
Spider:1: layout_chambers, hellmonk_ghost_happy_afterlife, uniq_jorgrun
Spider:2: layout_spider_delve
Spider:3: layout_cave_pods, spiders_nest_ghost_moth_duel,
          hangedman_spider_tarantella_strand
Spider:4: grunt_spider_rune_circles, gammafunk_ghost_necromancy
Slime:1:  layout_caves
Slime:2:  layout_caves, uniq_dissolution
Slime:3:  layout_caves
Slime:4:  layout_caves, cheibrodos_slime_lost_civilization_6
Slime:5:  slime_pit_nicolae_amoeboid
Orc:1:    layout_diamond_mine, portal_ice_cave_demonic_guard, basic_altar
Orc:2:    st_orc_mages, layout_caves, basic_altar
Elf:1:    eino_elf_arrival_sip, layout_loops_cross, guppyfry_elf_altar,
          minmay_curled_crystal, uniq_agnes
Elf:2:    nicolae_elf_blades_crystal_corner, layout_geoelf_octagon,
          uniq_asterion
Elf:3:    minmay_elf_hall, layout_loops_cross, serial_nicolae_subway,
          nicolae_sub_station_crystal, nicolae_sub_station_stone,
          nicolae_sub_station_metal
Vaults:1: hangedman_vaults_restitches, vaults_room_corners,
          nicolae_vaults_closet_pinwheel_2, vaults_room_semicircle,
          nicolae_vaults_house_3, hangedman_vaults_slither,
          ontoclasm_vaults_misaligned, nicolae_vaults_door_testing_chamber,
          nicolae_vaults_little_squares_5, serial_library_hellmonk_big_corner,
          nicolae_vaults_security_offices_1, vaults_standard_mumra_lines,
          lemuel_angel_altar, v_misc_23, layout_vaults_omnibox, serial_shops,
          nicolae_shop_rolling_square
Vaults:2: nicolae_vaults_steering_wheel, nicolae_vaults_network_star,
          hangedman_vaults_unwind, nicolae_vaults_storage_closets_2,
          nicolae_vaults_big_ls, nicolae_vaults_diamond_1,
          layout_vaults_chaotic_city
Vaults:3: gammafunk_ghost_ooze, nicolae_vaults_security_offices_3,
          nicolae_vaults_what_the_h, vaults_standard_mumra_enter_the_diamond,
          nicolae_vaults_house_1, hangedman_vaults_river_flow,
          grunt_vaults_focal, nicolae_vaults_twisting_passages,
          hangedman_vaults_trim, v_misc_16, nicolae_vaults_trapezoid_lopsided_3,
          vaults_room_stairs_pillars, layout_vaults_omnigrid,
          minmay_crypt_entry_simple_corners
Vaults:4: nicolae_vaults_ellipses_ellipsis, nicolae_vaults_ninety_degrees,
          nicolae_vaults_trapezoid_3, ontoclasm_vaults_gallery, v_misc_26,
          vaults_mumra_minichess_inversion, v_pattern_1, v_rooms_3,
          nicolae_vaults_tangram_1, v_misc_25, layout_vaults_maze, serial_shops,
          nicolae_shop_waterfront
Vaults:5
Crypt:1:  layout_gridlike, mu_enter_wizlab_6, special_room
          [special_room_morgue], grunt_megastairs_1
Crypt:2:  layout_catacombs
Crypt:3:  church_of_pain_bobbens, layout_chaotic_city,
          nicolae_tomb_entry_grand_gallery
Depths:1: evilmike_library_of_no_secrets, layout_cave_shapes, serial_shops,
          nicolae_shop_stone, nicolae_lava_and_water, pf_hell_entry_tar_river,
          zin_statuary, uniq_norris
Depths:2: minmay_diamond_stairs, layout_gridlike, hell_entry, abyss_entry,
          pan_entry, serial_shops, shop, infiniplex_staircase_trident
Depths:3: hellmonk_ruined_rings, layout_basic, enter_ziggurat_c, abyss_entry,
          hell_entry, elyvilon_altar_1, nicolae_gozag_zags_fifth_avenue,
          minmay_staircase_windowed_large
Depths:4: evilmike_zot_entry_hall, layout_basic, enter_trove_0,
          hangedman_abyss_or_decor_lesser_grid, pf_coc_iceberg,
          gammafunk_ghost_cemetery, corexii_leaking_fountain,
          lemuel_flamethrower_1
Zot:1:    cheibrodos_zot_enchanting_chambers, layout_onion_interference,
          gammafunk_ghost_wrathful_warriors,
          regret_index_zotdec_barnacled_simple, bh_zot_lava_cross, uniq_parghit

Skill      XL: |  1  2  3  4  5  6  7  8  9 10 11 12 13 14 15 16 17 18 19 20 21 22 23 24 25 26 27 |
---------------+----------------------------------------------------------------------------------+-----
Spellcasting   | 5 6 8 9 10 11 12 13 14 15 16 17 18 19 | 19.2
Invocations    | 1 2 3 4 6 7 8 9 10 11 12 13 14 15 16 17 18 19 20 | 20.1
Fighting       | 1 2 3 6 7 8 9 10 11 12 13 14 15 16 17 18 | 18.6
Short Blades   | 1 2 3 6 7 8 9 10 11 12 13 15 16 18 19 20 22 | 22.2
Long Blades    | 1 2 3 6 7 8 9 10 11 12 13 14 15 16 17 18 | 18.6
Axes           | 1 2 3 6 7 8 9 10 11 12 13 14 15 16 17 18 | 18.6
Maces & Flails | 1 2 3 6 7 8 9 10 11 12 13 14 15 16 17 18 | 18.6
Polearms       | 1 2 3 6 7 8 9 10 11 12 13 14 15 16 17 19 | 19.6
Staves         | 1 2 3 6 7 8 9 10 11 12 13 15 16 18 19 20 22 | 22.2
Ranged Weapons | 1 2 3 6 7 8 9 10 11 12 13 14 15 16 17 18 | 18.6
Throwing       | 1 2 3 6 7 8 9 10 11 12 13 14 15 16 17 18 20 | 20.3
Armour         | 1 2 3 6 7 8 9 10 11 12 13 14 15 16 17 18 | 18.6
Shields        | 1 2 3 6 7 8 9 10 11 12 13 14 15 16 17 18 | 18.6
Unarmed Combat | 1 2 3 6 7 8 9 10 11 12 13 14 15 17 18 19 21 | 21.6
Evocations     | 1 2 3 6 7 8 9 10 11 12 13 14 15 16 17 18 | 18.6
Shapeshifting  | 1 2 3 5 6 7 8 9 10 11 12 13 14 15 16 17 | 17.2
Hexes          | 1 2 3 5 6 7 8 9 10 11 12 13 14 15 | 15.8
Summonings     | 1 2 3 5 6 7 8 9 10 11 12 13 14 15 | 15.8
Necromancy     | 1 2 3 5 6 7 8 9 10 11 12 13 14 15 | 15.8
Translocations | 1 2 3 5 6 7 8 9 10 11 12 13 14 15 | 15.8
Fire Magic     | 1 2 3 5 6 7 8 9 10 11 12 13 14 15 | 15.8
Ice Magic      | 1 2 3 5 6 7 8 9 10 11 12 13 14 15 | 15.8
Air Magic      | 1 2 3 5 6 7 8 9 10 11 12 13 14 15 | 15.8
Earth Magic    | 1 2 3 5 6 7 8 9 10 11 12 13 14 15 | 15.8
Alchemy        | 1 2 3 5 6 7 8 9 10 11 12 13 14 15 | 15.8
Dodging        | 5 6 7 8 9 10 11 12 13 14 15 16 17 18 19 | 19.1
Stealth        | 5 7 8 9 10 11 12 13 14 15 16 17 18 19 | 19.0
Conjurations   | 8 9 10 11 12 13 14 15 16 17 | 17.2

Action                     |  1- 3 |  4- 6 |  7- 9 | 10-12 | 13-15 | 16-18 | 19-21 | 22-24 | 25-27 || total
---------------------------+-------+-------+-------+-------+-------+-------+-------+-------+-------++-------
  Melee: Short sword       |    21 |    26 |    51 |       |       |       |       |       |       ||    98
         Bite              |     2 |     2 |     9 |    30 |    53 |   112 |   104 |   225 |   340 ||   877
         Great sword       |       |       |    30 |   110 |       |       |       |       |       ||   140
         Falchion          |       |       |     1 |       |       |       |       |       |       ||     1
         Broad axe         |       |       |       |    77 |   342 |   763 |   597 |  1133 |  1515 ||  4427
   Cast: Magic Dart        |    57 |    52 |    42 |   103 |    22 |    20 |    38 |    22 |    72 ||   428
         Searing Ray       |       |     7 |    10 |    19 |     2 |     2 |     1 |     1 |     1 ||    43
         Iskenderun's Myst |       |     1 |    18 |    32 |    10 |    29 |    17 |    44 |    54 ||   205
         Stone Arrow       |       |       |       |    79 |    80 |    77 |    89 |    43 |    28 ||   396
         Olgreb's Toxic Ra |       |       |       |     6 |     8 |    73 |    70 |    61 |    31 ||   249
         Frozen Ramparts   |       |       |       |     7 |     7 |    13 |    15 |    15 |     6 ||    63
         Irradiate         |       |       |       |       |    16 |    35 |    38 |    39 |    60 ||   188
         Starburst         |       |       |       |       |       |    20 |    18 |    29 |    55 ||   122
         Dispel Undead     |       |       |       |       |       |     4 |     3 |     6 |    34 ||    47
         Ignite Poison     |       |       |       |       |       |       |       |    54 |    21 ||    75
         Passwall          |       |       |       |       |       |       |       |       |     2 ||     2
         Blink             |       |       |       |       |       |       |       |       |     1 ||     1
         Fire Storm        |       |       |       |       |       |       |       |       |     4 ||     4
  Evoke: Wand              |       |       |     4 |    18 |     1 |    13 |     6 |     2 |     4 ||    48
         Phantom mirror    |       |       |       |       |       |       |       |       |     1 ||     1
    Use: Scroll            |       |     4 |    10 |    12 |    14 |    13 |     2 |     3 |    13 ||    71
         Potion            |       |       |     3 |     7 |     4 |     2 |     5 |     1 |    12 ||    34
   Stab: Sleeping          |       |     6 |     4 |     6 |     9 |    43 |    17 |    30 |    38 ||   153
         Paralysed         |       |       |     7 |    16 |     1 |       |       |       |       ||    24
         Distracted        |       |       |       |     1 |     1 |     1 |     5 |     3 |     7 ||    18
         Petrified         |       |       |       |       |     2 |       |       |       |       ||     2
 Armour: Robe              |    16 |    18 |    67 |   181 |     8 |       |       |       |       ||   290
         Skin              |       |       |       |     8 |       |       |       |       |       ||     8
         Troll leather arm |       |       |       |       |   338 |   595 |   627 |   607 |       ||  2167
         Quicksilver drago |       |       |       |       |       |       |       |   207 |  1057 ||  1264
         Fire dragon scale |       |       |       |       |       |       |       |       |    12 ||    12
  Dodge: Dodged            |    23 |    17 |    78 |   190 |   370 |   657 |   536 |   602 |   789 ||  3262
  Block: Buckler           |       |       |       |       |       |   356 |   335 |   549 |   635 ||  1875
         Reflection        |       |       |       |       |       |       |       |       |     3 ||     3

Table legend: (Time is in decaauts)
 A = Elapsed time spent in this place.
 B = Non-inter-level travel time spent in this place.
 C = Inter-level travel time spent in this place.
 D = Time resting spent in this place.
 E = Time spent auto-exploring this place.
 F = Levels seen in this place.
 G = Mean time per level.
                   A        B        C        D        E       F      G
               +--------+--------+--------+--------+--------+-----+--------+
         Total |  85514 |  81699 |   3815 |  35287 |  32537 |  57 | 1500.2 |
       Dungeon |  21139 |  20171 |    968 |   7874 |   9827 |  15 | 1409.3 |
        Temple |     37 |     21 |     16 |      0 |      0 |   1 |   37.0 |
          Lair |   5720 |   5114 |    606 |    674 |   3257 |   5 | 1144.0 |
        Shoals |   6408 |   6181 |    227 |   1851 |   3110 |   4 | 1602.0 |
   Spider Nest |   5847 |   5680 |    167 |   2287 |   2339 |   4 | 1461.8 |
    Slime Pits |   4740 |   4553 |    187 |   2347 |   1177 |   5 |  948.0 |
  Orcish Mines |   1593 |   1399 |    194 |    312 |    805 |   2 |  796.5 |
   Elven Halls |   7301 |   7070 |    231 |   3867 |   1728 |   3 | 2433.7 |
        Vaults |  14250 |  13670 |    580 |   7138 |   4625 |   5 | 2850.0 |
         Crypt |   5317 |   5133 |    184 |   1672 |   2414 |   3 | 1772.3 |
        Depths |   8334 |   7884 |    450 |   4160 |   2483 |   4 | 2083.5 |
           Zot |     38 |     38 |      0 |      0 |     20 |   1 |   38.0 |
         Abyss |    151 |    151 |      0 |     26 |     81 |   1 |  151.0 |
        Bailey |   1888 |   1888 |      0 |   1452 |    173 |   1 | 1888.0 |
      Ice Cave |   2066 |   2066 |      0 |   1464 |    271 |   1 | 2066.0 |
       Volcano |    321 |    321 |      0 |     73 |    137 |   1 |  321.0 |
      Gauntlet |    358 |    358 |      0 |     89 |     89 |   1 |  358.0 |
               +--------+--------+--------+--------+--------+-----+--------+

Top non-repeatable levels by time:
Vaults:4: 6221 daAuts
   Elf:3: 4129 daAuts
Depths:1: 3010 daAuts
    D:10: 2958 daAuts
 Crypt:3: 2687 daAuts
    D:12: 2650 daAuts
Vaults:2: 2514 daAuts
   Elf:2: 2179 daAuts
Shoals:4: 2094 daAuts
Vaults:3: 2083 daAuts
   IceCv: 2066 daAuts
Depths:4: 2012 daAuts
     D:4: 1976 daAuts
Spider:1: 1953 daAuts
  Bailey: 1888 daAuts
